 Dungeon Crawl Stone Soup version 0.26.1-11-gd32895ea62 (webtiles) character file.

Game seed: 12705896428045785509

4747 Gwenloh the Cleaver (level 10, -2/88 HPs)
             Began as a Hill Orc Fighter on May 29, 2021.
             Was a Priest of Cheibriados.
             Slain by a yak (10 damage)
             ... on level 7 of the Dungeon.
             The game lasted 00:19:05 (7093 turns).

Gwenloh the Cleaver (Hill Orc Fighter)              Turns: 7093, Time: 00:19:05

Health: -2/88      AC: 13    Str: 27    XL:     10   Next: 46%
Magic:  14/17      EV: 10    Int: 15    God:    Cheibriados [***...]
Gold:   486        SH:  0    Dex: 20    Spells: 9/9 levels left

rFire    . . .     SeeInvis .   I - +4 battleaxe
rCold    . . .     Faith    .   (shield currently unavailable)
rNeg     . . .     Spirit   .   L - +1 scale mail {rPois}
rPois    +         Reflect  .   p - +0 helmet
rElec    .         Harm     .   x - +2 cloak {Stlth+}
rCorr    +         Rampage  .   (no gloves)
Will     .....                  (no boots)
Stlth    ..........             G - amulet of regeneration
HPRegen  0.64/turn              g - ring of resist corrosion
MPRegen  0.15/turn              (no ring)

@: very slow
A: no striking features
a: Renounce Religion, Bend Time, Temporal Distortion


You were on level 7 of the Dungeon.
You worshipped Cheibriados.
Cheibriados was most pleased with you.
You visited 1 branch of the dungeon, and saw 7 of its levels.

You collected 486 gold pieces.

Inventory:

Hand Weapons
 a - a +0 war axe
 b - a +0 hunting sling
 n - a +0 arbalest
 o - a +0 morningstar
 H - a +2 spear
 I - a +4 battleaxe (weapon)
Missiles
 j - a throwing net
 k - 140 stones
 q - 34 sling bullets
 B - 17 poisoned darts (quivered)
Armour
 c - a +0 kite shield
 p - a +0 helmet (worn)
 x - a +2 cloak of stealth (worn)
 L - a +1 scale mail of poison resistance (worn)
Jewellery
 g - a ring of resist corrosion (left hand)
 G - an amulet of regeneration (around neck)
Wands
 v - a wand of digging (9)
 C - a wand of paralysis (9)
Scrolls
 e - a scroll of immolation {unknown}
 f - 8 scrolls of remove curse
 h - a scroll of magic mapping {unknown}
 i - 2 scrolls of teleportation {unknown}
 l - 3 scrolls of fog {unknown}
 s - a scroll of enchant weapon {unknown}
 t - 2 scrolls of amnesia {unknown}
 u - 3 scrolls of enchant armour {unknown}
 y - 4 scrolls of identify {unknown}
 A - a scroll of random uselessness {unknown}
 E - a scroll of noise {unknown}
Potions
 d - a potion of might
 m - a potion of berserk rage {unknown}
 r - 4 potions of curing {unknown}
 w - 2 potions of lignification {unknown}
 z - a potion of mutation {unknown}
 D - a potion of brilliance {unknown}
 F - a potion of heal wounds {unknown}
 J - a potion of cancellation {unknown}
 K - a potion of ambrosia {unknown}


   Skills:
 + Level 7.9 Fighting
 * Level 11.0 Axes
 + Level 7.3 Armour
 + Level 7.2 Shields
 * Level 9.5 Invocations


You had 9 spell levels left.
You didn't know any spells.
Your spell library contained the following spells:

 Spells                   Type           Power        Failure   Level
 Corona                   Hex            0%           50%         1
 Magic Dart               Conj           0%           50%         1
 Summon Small Mammal      Summ           0%           50%         1
 Blink                    Tloc           N/A          63%         2
 Call Imp                 Summ           0%           63%         2
 Slow                     Hex            0%           63%         2
 Call Canine Familiar     Summ           0%           86%         3
 Conjure Flame            Conj/Fire      0%           86%         3
 Inner Flame              Hex/Fire       0%           86%         3
 Mephitic Cloud           Conj/Pois/Air  0%           86%         3
 Portal Projectile        Hex/Tloc       0%           86%         3
 Summon Guardian Golem    Hex/Summ       0%           86%         3
 Cause Fear               Hex            0%           99%         4
 Leda's Liquefaction      Hex/Erth       0%           99%         4
 Summon Ice Beast         Ice/Summ       0%           99%         4
 Summon Lightning Spire   Summ/Air       0%           99%         4
 Bolt of Magma            Conj/Fire/Erth 0%           100%        5
 Iron Shot                Conj/Erth      0%           100%        6
 Statue Form              Tmut/Erth      0%           100%        6
 Shatter                  Erth           0%           100%        9


Dungeon Overview and Level Annotations

Branches:
Dungeon (7/15)             Temple (0/1) D:4

Altars:
Cheibriados
Gozag
Kikubaaqudgha
Nemelex Xobeh
Qazlal
Sif Muna
Uskayaw
Xom
The Shining One


Message History

The yak seems to slow down.
The yak gores you.
* * * LOW HITPOINT WARNING * * *
The yak closely misses you.
You slice the yak!!
You kill the yak!
Cheibriados appreciates the change of pace.
You hit the yak.
You kill the yak!
Cheibriados thoroughly appreciates the change of pace.
The yak gores you.
* * * LOW HITPOINT WARNING * * *
Your Axes skill increases to level 11!
You hit the yak.
The yak is lightly wounded.
The yak gores you!
* * * LOW HITPOINT WARNING * * *
You closely miss the yak.
The yak is lightly wounded.
The yak gores you!
You die...

#. .....
#. #...#
#. #...##
#( #....
#( #...##
#( ....#
#.# #(
#Y†# #.#
#( #@# #.#
#. #.# #.#
#) #.# #.#
#. #.# #.#
#. #.# #.#
#. #.#
#[#######.
#.#
#.........
#.#
#.......##
#.#
#...###.#


You could see a yak.

Vanquished Creatures
  The ghost of MisterFreud the Grappler, a novice TrMo (D:6)
  A centaur zombie (D:6)
  The ghost of ZZKoverts the Grasshopper, a novice DECj (D:6)
  The ghost of carroscas the Chopper, an amateur DsBe of Trog (D:6)
  Sigmund (D:3)
  5 yaks (D:7)
  2 sky beasts
  An orc warrior (D:6)
  3 phantoms
  An ice beast (D:6)
  3 centaurs
  3 bullfrogs
  3 scorpions (D:6)
  5 wights (D:6)
  2 howler monkeys
  A quasit (D:6)
  3 hounds
  2 jellies
  Crazy Yiuf (D:3)
  4 orc priests
  6 orc wizards
  2 bullfrog skeletons
  An iguana (D:6)
  Ijyb (D:3)
  Terence (D:2)
  5 worker ants
  A worker ant zombie (D:6)
  Robin (D:2)
  3 gnolls (D:3)
  9 adders
  A shadow imp (D:6)
  A white imp (D:5)
  An ooze (D:2)
  An adder zombie (D:4)
  An adder skeleton (D:4)
  3 worms
  16 orcs
  3 ball pythons
  9 bats
  3 giant cockroaches
  20 goblins
  8 hobgoblins
  3 jackals (D:5)
  8 kobolds
  2 quokkas
  5 frilled lizards
  A goblin skeleton (D:6)
  2 goblin zombies (D:6)
  2 hobgoblin zombies (D:6)
  2 jackal skeletons (D:4)
  A kobold zombie (D:6)
  An orc skeleton (D:6)
  An orc zombie (D:6)
  A quokka skeleton (D:5)
  8 rats
178 creatures vanquished.

Vanquished Creatures (others)
  4 withered plants (D:6)
4 creatures vanquished.

Grand Total: 182 creatures vanquished

Notes
Turn   | Place    | Note
-------+----------+-------------------------------------------
     0 | D:1      | Gwenloh the Hill Orc Fighter began the quest for the Orb.
     0 | D:1      | Reached XP level 1. HP: 19/19 MP: 1/1
   225 | D:1      | Reached skill level 3 in Axes
   230 | D:1      | Reached XP level 2. HP: 20/27 MP: 2/2
   966 | D:2      | Reached XP level 3. HP: 28/33 MP: 3/3
  1156 | D:2      | You fall into a shaft and drop 1 floor!
  1340 | D:2      | Reached skill level 4 in Axes
  1469 | D:2      | Noticed Terence
  1482 | D:2      | Killed Terence
  1483 | D:2      | Reached XP level 4. HP: 35/40 MP: 4/4
  1593 | D:2      | Noticed a fire elemental
  1595 | D:2      | Found a stormy altar of Qazlal.
  1598 | D:2      | Noticed an earth elemental
  1598 | D:2      | Noticed an air elemental
  1598 | D:2      | Noticed a water elemental
  1616 | D:2      | Noticed Robin
  1643 | D:2      | Killed Robin
  1989 | D:2      | Reached XP level 5. HP: 47/47 MP: 5/5
  2153 | D:3      | Found a snail-covered altar of Cheibriados.
  2222 | D:3      | Became a worshipper of Cheibriados the Contemplative
  2237 | D:3      | Noticed Sigmund
  2246 | D:3      | Killed Sigmund
  2247 | D:3      | Reached skill level 5 in Axes
  2247 | D:3      | Reached XP level 6. HP: 50/55 MP: 2/6
  2370 | D:3      | Reached skill level 5 in Fighting
  2487 | D:3      | Found an opulent altar of Gozag.
  2487 | D:3      | Found a hide-covered altar of Uskayaw.
  2489 | D:3      | Noticed Ijyb
  2489 | D:3      | Paralysed by Ijyb for 5 turns
  2498 | D:3      | Paralysed by Ijyb for 6 turns
  2526 | D:3      | Killed Ijyb
  2527 | D:3      | Reached skill level 6 in Axes
  2527 | D:3      | Reached skill level 1 in Invocations
  2640 | D:3      | Found a runed translucent door.
  2641 | D:3      | Noticed Crazy Yiuf
  2969 | D:3      | Killed Crazy Yiuf
  3052 | D:4      | Noticed a sky beast
  3075 | D:3      | Killed a sky beast
  3076 | D:3      | Reached XP level 7. HP: 49/61 MP: 8/8
  3604 | D:4      | Reached skill level 5 in Armour
  3888 | D:4      | Found an ancient bone altar of Kikubaaqudgha.
  4031 | D:4      | Reached skill level 7 in Axes
  4031 | D:4      | Reached skill level 5 in Shields
  4155 | D:4      | Reached * piety under Cheibriados
  4215 | D:4      | Found a staircase to the Ecumenical Temple.
  4422 | D:5      | Entered Level 5 of the Dungeon
  4429 | D:5      | Reached XP level 8. HP: 69/69 MP: 9/11
  5422 | D:6      | Reached skill level 5 in Invocations
  5514 | D:6      | Reached skill level 8 in Axes
  5606 | D:6      | Found a sparkling altar of Nemelex Xobeh.
  5682 | D:6      | Reached ** piety under Cheibriados
  5868 | D:6      | Reached XP level 9. HP: 72/78 MP: 13/13
  6045 | D:6      | Reached skill level 9 in Axes
  6057 | D:6      | Found a shimmering blue altar of Sif Muna.
  6058 | D:6      | Found a shimmering altar of Xom.
  6136 | D:6      | Found a glowing golden altar of the Shining One.
  6284 | D:6      | Found a runed translucent gate.
  6284 | D:6      | Found a runed translucent gate.
  6284 | D:6      | Found a runed translucent gate.
  6286 | D:6      | Noticed ZZKoverts's ghost (novice DECj)
  6286 | D:6      | Noticed carroscas's ghost (amateur DsBe)
  6287 | D:6      | Noticed MisterFreud's ghost (novice TrMo)
  6409 | D:6      | Reached *** piety under Cheibriados
  6683 | D:6      | Killed ZZKoverts's ghost
  6692 | D:6      | Killed MisterFreud's ghost
  6693 | D:6      | Reached skill level 10 in Axes
  6693 | D:6      | Reached XP level 10. HP: 57/86 MP: 11/16
  6707 | D:6      | Killed carroscas's ghost
  7092 | D:7      | Reached skill level 11 in Axes
  7093 | D:7      | Slain by a yak

Illustrated notes

Levels and vault maps discovered:
D:1:      psy_arrival_basics, layout_loops_ring, minmay_misc_feat_chi
D:2:      layout_basic, nicolae_qazlal_style_of_elements, uniq_terence,
          uniq_robin
D:3:      layout_basic, lemuel_crystal_altar,
          chequers_temple_overflow_statue_of_worship, uniq_crazy_yiuf_cottage,
          uniq_ijyb, uniq_sigmund
D:4:      kennysheep_the_goblin_king, layout_cave_pools,
          nicolae_overflow_crystal_walls, temple_doors_e, dk_vineyard_1
D:5:      layout_loops_cross
D:6:      layout_loops_ring, nemelex_xobeh_ov_fountains_minmay,
          nicolae_overflow_hidden_temple, nicolae_tso_besieged_by_evil,
          gammafunk_ghost_cemetery, nrook_loot_triangle, dk_rats_in_the_wall
D:7:      layout_loops_ring, kennysheep_generic_room_10

Skill      XL: |  1  2  3  4  5  6  7  8  9 10 |
---------------+-------------------------------+-----
Axes           | 3 4 5 6 7 8 10 11 | 11.0
Fighting       | 4 5 6 7 |  7.9
Armour         | 4 5 6 7 |  7.3
Shields        | 4 5 6 7 |  7.2
Invocations    | 2 4 6 8 9 |  9.5

Action                   |  1- 3 |  4- 6 |  7- 9 | 10-12 || total
-------------------------+-------+-------+-------+-------++-------
Melee: War axe           |    98 |   113 |   202 |       ||   413
       Battleaxe         |       |       |    69 |    61 ||   130
 Fire: Hunting sling     |     3 |    25 |    67 |       ||    95
Invok: Bend Time         |       |     3 |     7 |     2 ||    12
  Use: Scroll            |       |     1 |       |       ||     1
Armor: Scale mail        |    55 |    67 |   134 |    37 ||   293
Dodge: Dodged            |    28 |    50 |    95 |    30 ||   203
Block: Kite shield       |    61 |    75 |   126 |       ||   262
